[Event "Team 45 45 League T28"]
[Site "Internet Chess Club"]
[Date "2005.09.14"]
[Round "1"]
[White "Blunderov"]
[Black "fledermaus"]
[Result "1/2-1/2"]
[WhiteElo "1919"]
[BlackElo "2002"]
[TimeControl "2700+45"]

1. d4 Nf6 2. Nf3 e6 3. Nbd2 d5 4. e3 c5 5. c4 cxd4 6. Nxd4 Nc6 7. Nxc6 bxc6 8.
Be2 Bd6 9. O-O O-O 10. b3 e5 11. Bb2 Bf5 12. Nf3 Re8 13. Qc1 Qe7 14. Rd1 Rac8
15. c5 Bb8 16. b4 Ng4 17. h3 Nf6 18. a4 Qc7 19. Nd2 Nd7 20. Nf1 Re6 21. Ng3 e4
22. Qc3 Rg6 23. Qe1 Nf6 24. Bxf6 Rxf6 25. Rac1 Be6 26. b5 Qe7 27. b6 Rg6 28. a5
Qh4 29. Kh2 Rh6 30. Bf1 g5 31. bxa7 Bxa7 32. Ba6 Rd8 33. Kg1 Bb8 34. Bf1 g4 35.
Ne2 gxh3 36. g3 Qh5 37. Kh2 Bg4 38. Rd2 Be5 39. Ra2 Qf5 40. a6 Rf6 41. Nd4 Bxd4
42. exd4 Re6 43. a7 Ra8 44. Rb1 Ree8 45. Qe3 {Game drawn by mutual agreement}
1/2-1/2

[Event "Team 45 45 League T28"]
[Site "Internet Chess Club"]
[Date "2005.09.19"]
[Round "1"]
[White "viking99"]
[Black "DocHoliday"]
[Result "1-0"]
[WhiteElo "1849"]
[BlackElo "1787"]
[TimeControl "2700+45"]

1. e4 c5 2. Nf3 d6 3. d4 cxd4 4. Nxd4 Nf6 5. f3 g6 6. Be3 Bg7 7. Be2 O-O 8. O-O
Nc6 9. Nc3 Qa5 10. Nb3 Qh5 11. g4 Qh4 12. Qd2 h5 13. Bg5 Qh3 14. Rf2 hxg4 15.
Bf1 Qh4 16. Bxh4 {Black resigns} 1-0  mgcortes(71): entrar tarde a un torneo

[Event "Team 45 45 League T28"]
[Site "Internet Chess Club"]
[Date "2005.09.18"]
[Round "1"]
[White "Chessnut"]
[Black "Winclick"]
[Result "0-1"]
[WhiteElo "1703"]
[BlackElo "1721"]
[TimeControl "2700+45"]

1. e4 c6 2. d4 d5 3. Nc3 g6 4. Nf3 Bg7 5. e5 Nh6 6. h3 Qb6 7. Na4 Qa5+ 8. c3 O-O
9. Bd3 Bf5 10. Bxf5 Nxf5 11. O-O Nd7 12. b4 Qc7 13. Nc5 Nxc5 14. bxc5 b6 15.
cxb6 axb6 16. Bd2 Ra3 17. Qc2 c5 18. Qb2 Rfa8 19. Rfc1 e6 20. Rc2 c4 21. Qb1 Qc6
22. Bc1 R3a4 23. Rb2 R8a6 24. Rb5 Rxa2 25. Rxa2 Rxa2 26. Rxb6 Qa4 27. Rb2 Ra1
28. Qc2 Qxc2 29. Rxc2 Bh6 {White resigns} 0-1

[Event "Team 45 45 League T28"]
[Site "Internet Chess Club"]
[Date "2005.09.18"]
[Round "1"]
[White "GoIrish"]
[Black "RingLord"]
[Result "1/2-1/2"]
[WhiteElo "1564"]
[BlackElo "1602"]
[TimeControl "2700+45"]

1. Nf3 d5 2. g3 e6 3. Bg2 Nf6 4. O-O Be7 5. d3 O-O 6. Nbd2 Nbd7 7. e4 dxe4 8.
dxe4 e5 9. Qe2 Ne8 10. Nc4 f6 11. Be3 Nd6 12. Rad1 Nb6 13. Bxb6 axb6 14. a3 Be6
15. Ne3 c6 16. Nh4 Qc8 17. Nhf5 Nxf5 18. exf5 Bxf5 19. f4 Bg6 20. fxe5 fxe5 21.
Nc4 Bc5+ 22. Kh1 Qc7 23. Nxe5 Rae8 24. Qc4+ Kh8 25. Rxf8+ Rxf8 26. Nxg6+ hxg6
27. Rf1 Rxf1+ 28. Qxf1 Qe5 29. b4 Bd6 30. Bf3 Qg5 31. Qh3+ Qh6 32. Qxh6+ gxh6
33. Be4 g5 34. Kg2 Kg7 35. Kf3 Kf6 36. Kg4 Bf8 {Game drawn by mutual agreement}
1/2-1/2

[Event "Team 45 45 League T28"]
[Site "Internet Chess Club"]
[Date "2005.09.18"]
[Round "1"]
[White "Egmont"]
[Black "nminwalla"]
[Result "0-1"]
[WhiteElo "1724"]
[BlackElo "1971"]
[TimeControl "2700+45"]

1. e4 c5 2. Nf3 d6 3. d4 cxd4 4. Nxd4 Nf6 5. Nc3 a6 6. Be2 e5 7. Nb3 Be7 8. Be3
Be6 9. f4 exf4 10. Bxf4 Nc6 11. a3 O-O 12. Be3 d5 13. exd5 Nxd5 14. Nxd5 Bxd5
15. Bf3 Bh4+ 16. g3 Re8 17. Kf2 Bxf3 18. Qxf3 Bf6 19. Rad1 Qc8 20. c3 Ne5 {White
resigns} 0-1

[Event "Team 45 45 League T28"]
[Site "Internet Chess Club"]
[Date "2005.09.17"]
[Round "1"]
[White "kabindra"]
[Black "martineden"]
[Result "1-0"]
[WhiteElo "1805"]
[BlackElo "1739"]
[TimeControl "2700+45"]

1. e4 e5 2. d4 exd4 3. c3 dxc3 4. Bc4 Nf6 5. e5 Ne4 6. Qd5 Ng5 7. Bxg5 Qxg5 8.
Qxf7+ Kd8 9. Nxc3 Qxe5+ 10. Nge2 Bc5 11. O-O Rf8 12. Qd5 Qxd5 13. Bxd5 c6 14.
Bf3 d5 15. Rad1 Kc7 16. Rc1 Kd6 17. Rfd1 Bf5 18. Nxd5 Bxf2+ 19. Kxf2 cxd5 20.
Rxd5+ Ke7 21. Rc7+ Nd7 22. Rxb7 Rfb8 23. Rxf5 {Black resigns} 1-0

[Event "Team 45 45 League T28"]
[Site "Internet Chess Club"]
[Date "2005.09.19"]
[Round "1"]
[White "chinta"]
[Black "jongalt97"]
[Result "1-0"]
[WhiteElo "1656"]
[BlackElo "1706"]
[TimeControl "2700+45"]

1. e4 e6 2. Nc3 d5 3. d4 Nf6 4. Bg5 h6 5. Bxf6 gxf6 6. Qf3 dxe4 7. Qxe4 c6 8.
O-O-O Be7 9. Bd3 f5 10. Qe3 Bg5 11. f4 Bf6 12. Bxf5 Kf8 13. Be4 Na6 14. Kb1 Nc7
15. Nf3 Nd5 16. Nxd5 exd5 17. Bd3 Bg4 18. Be2 Qe7 19. Ne5 Bxe2 20. Qxe2 Bxe5 21.
dxe5 Re8 22. Qh5 Qe6 23. Rhe1 Qg6 24. Qf3 h5 25. f5 Qg4 26. Qa3+ Kg8 27. f6 a6
28. Qc3 Kh7 29. g3 Re6 30. Rd4 Qg6 31. Rh4 Kg8 32. a3 Rh6 33. Qa5 Kh7 34. Qb6
Qg8 35. Qd4 Qg6 36. g4 hxg4 37. Rxg4 Qh5 38. Rg7+ Kh8 39. Qb6 Rhxf6 40. exf6
Rxe1+ 41. Ka2 Re8 42. Qc7 d4 43. Rxf7 Qd5+ 44. b3 Qh5 45. Rf8+ {Black resigns}
1-0

[Event "Team 45 45 League T28"]
[Site "Internet Chess Club"]
[Date "2005.09.17"]
[Round "1"]
[White "garethn"]
[Black "crapalot"]
[Result "0-1"]
[WhiteElo "1722"]
[BlackElo "1841"]
[TimeControl "2700+45"]

1. e4 e6 2. d4 d5 3. e5 c5 4. c3 Nc6 5. Nf3 Bd7 6. a3 Nge7 7. b4 c4 8. Bg5 h6 9.
Bh4 g5 10. Bg3 Nf5 11. h4 g4 12. Ng1 h5 13. Ne2 Nxg3 14. fxg3 f5 15. exf6 Qxf6
16. Nf4 Ne7 17. Qe2 Bg7 18. Qf2 Ng6 19. Be2 Nxf4 20. gxf4 O-O 21. g3 b5 22. O-O
a5 23. Nd2 axb4 24. axb4 Ra4 25. Rxa4 bxa4 26. Ra1 Ra8 27. Bd1 Qf5 28. Nb1 Bh6
29. Bc2 Qf7 30. Qf1 Bg7 31. Qd1 Bh6 32. Qf1 Rf8 33. Nd2 Ra8 34. Qf2 Kg7 35. Nf1
a3 36. Ne3 Kg8 37. Ng2 Bg7 38. Ra2 Qe8 39. Qe1 Ba4 40. Bxa4 Rxa4 41. Ne3 Qd7 42.
Nc2 Kf7 43. Qa1 Bh6 44. Rxa3 Rxa3 45. Qxa3 Qd6 46. Qc1 Kf6 47. Qe1 Kf5 48. Qe5+
Qxe5 49. dxe5 Ke4 50. b5 Bf8 51. b6 Bc5+ 52. Kf1 Bxb6 53. Ke2 Ba7 54. Na3 Kf5
55. Nb5 Bb6 56. Nd6+ Kg6 57. Kd2 Bf2 58. f5+ exf5 59. e6 Kf6 60. e7 Kxe7 61.
Nxf5+ Kf6 62. Ne3 Bxe3+ 63. Kxe3 Ke5 64. Kd2 Ke4 65. Ke2 d4 66. cxd4 Kxd4 67.
Kd2 Ke4 {White resigns} 0-1

[Event "Team 45 45 League T28"]
[Site "Internet Chess Club"]
[Date "2005.09.25"]
[Round "1"]
[White "Mikey29a"]
[Black "TheBrewer"]
[Result "1-0"]
[WhiteElo "1652"]
[BlackElo "1575"]
[TimeControl "2700+45"]

1. e4 e6 2. d4 d5 3. exd5 exd5 4. Bd3 Nf6 5. Ne2 Bg4 6. f3 Bh5 7. Bf4 Be7 8. O-O
O-O 9. c3 c6 10. Nd2 Nbd7 11. Nb3 Bg6 12. Bxg6 hxg6 13. Ng3 Nh5 14. Nxh5 gxh5
15. Qd3 g6 16. Bh6 Re8 17. g4 Bg5 18. Bxg5 Qxg5 19. h3 hxg4 20. hxg4 Kg7 21. Kg2
Rh8 22. Rh1 Rae8 23. Rxh8 Kxh8 24. Rh1+ Kg7 25. Kf2 Nb6 26. Qd2 Qxd2+ 27. Nxd2
Na4 28. Rb1 Kf6 29. Nf1 Kg5 30. Ng3 Kf4 31. Ne2+ Kg5 32. Ng3 b6 33. a3 Kf6 34.
f4 Ke7 35. Ke3 Kd6+ 36. Kd3 b5 37. b3 Nb6 38. Rh1 c5 39. dxc5+ Kxc5 40. Rh7 Re7
41. Rh8 Kd6 42. Kd4 Nd7 43. Rd8 Kc7 44. Rh8 Nb6 45. Rh7 Kd6 46. Rh8 Nd7 47. Rd8
Kc7 48. Rh8 Nb6 49. Rh7 Kd6 50. Rh8 Re1 51. f5 Rg1 52. fxg6 fxg6 53. Rh3 Ke6 54.
Kc5 Ra1 55. Kxb5 Rxa3 56. Kb4 Ra1 57. Rh6 Kf7 58. Rh7+ Kg8 59. Rh3 Kg7 60. Ne2
Re1 61. Nd4 Re4 62. Rg3 Kf6 63. Kc5 Kg5 64. Nc6 Rxg4 65. Rxg4+ Kxg4 66. Nxa7
Nd7+ 67. Kxd5 Kf4 68. Nc6 g5 69. Nd4 g4 70. b4 Nf6+ 71. Kc6 Ke3 72. b5 g3 73.
Nf5+ Kf3 74. Nxg3 Kxg3 75. b6 {Black resigns} 1-0

[Event "Team 45 45 League T28"]
[Site "Internet Chess Club"]
[Date "2005.09.17"]
[Round "1"]
[White "iwulu"]
[Black "f5"]
[Result "1/2-1/2"]
[WhiteElo "2312"]
[BlackElo "2350"]
[TimeControl "2700+45"]

1. d4 f5 2. Nc3 d5 3. Bg5 c6 4. Qd2 Nd7 5. Nf3 Ngf6 6. Bxf6 exf6 7. h4 h5 8. a3
Bd6 9. e3 b5 10. Bd3 g6 11. Ne2 Qe7 12. g3 Nf8 13. Kf1 Be6 14. Kg2 Bf7 15. b4
Nd7 16. a4 bxa4 17. Rxa4 Nb6 18. Ra6 Bxb4 19. c3 Bd6 20. Rha1 O-O 21. Qa2 Rfc8
22. Rxa7 {Game drawn by mutual agreement} 1/2-1/2

[Event "Team 45 45 League T28"]
[Site "Internet Chess Club"]
[Date "2005.09.16"]
[Round "1"]
[White "VentasD"]
[Black "SkinnyPuppy"]
[Result "1/2-1/2"]
[WhiteElo "2166"]
[BlackElo "2198"]
[TimeControl "2700+45"]

1. e4 c5 2. Nc3 e6 3. Nge2 Nc6 4. g3 d5 5. exd5 exd5 6. d4 Nf6 7. Bg2 Bg4 8.
dxc5 d4 9. Bxc6+ bxc6 10. Qxd4 Qxd4 11. Nxd4 Bxc5 12. Nde2 O-O 13. h3 Bf5 14.
Bg5 Rfe8 15. Bxf6 gxf6 16. O-O-O Bxf2 17. Kb1 Bc5 18. Rdf1 Re5 19. g4 Be6 20.
Rxf6 Rb8 21. Rf4 Re3 22. Re4 Rxe4 23. Nxe4 Ba3 24. b3 Rd8 25. Nf4 Bc8 26. Nf6+
Kh8 27. Re1 Ba6 28. c4 Kg7 29. g5 Bc8 30. Kc2 Bf5+ 31. Kc3 a5 32. Re8 Bb4+ 33.
Kb2 Rxe8 34. Nxe8+ Kf8 35. Nf6 Bd2 36. N6h5 Ke7 37. Ng3 Bd7 38. Nge2 Bf5 39. Ng3
Bg6 40. Nxg6+ hxg6 41. Ne4 Be1 42. Kc2 Ke6 43. Kd3 Kf5 44. Nd6+ Kxg5 45. Nxf7+
Kf4 46. a3 c5 47. Nd6 Bf2 48. Ke2 Bd4 49. Nb7 Kg3 50. Nxa5 Kxh3 51. Nc6 Bf6 52.
a4 g5 53. a5 g4 54. a6 g3 55. a7 g2 56. a8=Q g1=Q 57. Qc8+ Kh4 58. Qf5 Qg2+ 59.
Qf2+ Qxf2+ 60. Kxf2 Kg4 61. Ke3 Kf5 62. Na5 Ke6 63. Nb7 Be7 64. Ke4 Bf8 65. Nd8+
Kd7 66. Nf7 Ke6 67. Ng5+ Kd6 68. Kf5 Bg7 69. Ne4+ Kc6 70. Ke6 Bd4 71. Ng3 Bf2
72. Nf5 Kb6 73. Kd5 Ka5 74. Nd6 Kb4 75. Ne4 Bg1 76. Nd2 Be3 77. Ne4 Kxb3 78.
Nxc5+ Kb4 79. Ne6 Ka5 80. Nd4 Kb6 81. c5+ Kc7 82. Nb5+ Kd8 83. c6 Bf4 84. Kc5
Be3+ 85. Kb4 Bd2+ 86. Kc4 Bf4 87. Kd5 Bg3 88. Nd6 Kc7 89. Nf5 Bh2 90. Nd4 Bg3
91. Nb5+ Kc8 92. Nd4 {Game drawn by mutual agreement} 1/2-1/2

[Event "Team 45 45 League T28"]
[Site "Internet Chess Club"]
[Date "2005.09.23"]
[Round "1"]
[White "Gregorio"]
[Black "trevor21"]
[Result "1-0"]
[WhiteElo "2148"]
[BlackElo "2020"]
[TimeControl "2700+45"]

1. e4 e6 2. d4 d5 3. Nc3 Bb4 4. e5 c5 5. a3 Bxc3+ 6. bxc3 Ne7 7. Nf3 Bd7 8. Be2
Qa5 9. Bd2 c4 10. O-O Ba4 11. Rb1 b5 12. Nh4 Ng6 13. Nxg6 hxg6 14. Rc1 Qd8 15.
g3 Nc6 16. Bg4 Ne7 17. Bg5 Qc7 18. Qd2 Nf5 19. Rfe1 Kd7 20. Qf4 Qb8 21. Bd1 Qf8
22. g4 Ne7 23. Re3 Nc6 24. Rf3 Ke8 25. h4 a5 26. Ra1 Ra7 27. Qd2 Nb8 28. Kg2 Nd7
29. Rh3 f6 30. exf6 gxf6 31. Be3 Qd6 32. Bf3 Nf8 33. Bf4 Qd8 34. g5 Rhh7 35. Re1
Raf7 36. gxf6 Qxf6 37. Bg5 Qf5 38. Re5 Qxc2 39. Qxc2 Bxc2 40. Bxd5 Kd7 41. Ba8
Rf5 42. Rf3 Rxe5 43. dxe5 Bf5 44. Rf4 Kc7 45. Be4 Nd7 46. Bxf5 gxf5 47. Rd4 Nxe5
48. Bf4 {Black resigns} 1-0

[Event "Team 45 45 League T28"]
[Site "Internet Chess Club"]
[Date "2005.09.17"]
[Round "1"]
[White "Kolibri"]
[Black "AMAV"]
[Result "1-0"]
[WhiteElo "2127"]
[BlackElo "2012"]
[TimeControl "2700+45"]

1. e4 e6 2. d4 d5 3. Nc3 Nf6 4. Bg5 dxe4 5. Nxe4 Be7 6. Bxf6 Bxf6 7. Nf3 Nd7 8.
c3 O-O 9. Bd3 b6 10. O-O Bb7 11. Qc2 Be7 12. Rad1 h6 13. Ne5 Nf6 14. Nxf6+ Bxf6
15. Bh7+ Kh8 16. Be4 Bxe4 17. Qxe4 Qd6 18. f4 Kg8 19. Nc6 a5 20. a4 Rae8 21.
Rfe1 Qd5 22. Qxd5 exd5 23. f5 g6 24. Kf1 Kg7 25. Rxe8 Rxe8 26. Re1 Rxe1+ 27.
Kxe1 gxf5 28. b4 axb4 29. cxb4 Kf8 30. a5 bxa5 31. bxa5 Ke8 32. a6 Kd7 33. a7
Kxc6 34. a8=Q+ Kd6 35. Qa6+ Ke7 36. Qa7 Kd7 37. Ke2 Be7 38. Kd3 Bd6 39. h3 Ke6
40. Qa8 Bf4 41. Qe8+ Kf6 42. Qd7 Bd6 43. g4 fxg4 44. hxg4 Kg5 45. Qf5+ Kh4 46.
Ke2 Kg3 47. Qf3+ Kh4 48. Kf2 f6 49. Qf5 {Black resigns} 1-0

[Event "Team 45 45 League T28"]
[Site "Internet Chess Club"]
[Date "2005.09.17"]
[Round "1"]
[White "Quoyle"]
[Black "Michael-player"]
[Result "1/2-1/2"]
[WhiteElo "2414"]
[BlackElo "2348"]
[TimeControl "2700+45"]

1. e4 e6 2. d4 d5 3. Nc3 dxe4 4. Nxe4 Be7 5. Nf3 Nf6 6. Nxf6+ Bxf6 7. c3 O-O 8.
Bd3 Nd7 9. Qc2 g6 10. Bh6 Re8 11. O-O-O c5 12. h4 cxd4 13. cxd4 Qa5 14. Kb1 Nf8
15. h5 Bd7 16. hxg6 hxg6 17. Qc1 Bb5 18. g4 Bxd3+ 19. Rxd3 Rac8 20. Qf4 Nh7 21.
Ne5 Qd5 22. Rdh3 Bxe5 23. dxe5 Red8 24. a3 Rc4 25. Qh2 Rxg4 26. Bg5 Rxg5 27.
Rxh7 Rh5 28. Rxh5 gxh5 29. Qxh5 Kf8 30. Qh8+ Ke7 31. Qf6+ Kd7 32. Qxf7+ Kc6 33.
Rc1+ Kb5 34. f4 Ka6 35. Qf6 Rd7 36. Ka1 Rh7 37. Qg6 Rh2 38. Qe8 Qb3 39. Rb1 Rd2
40. f5 Rxb2 41. Rxb2 Qd1+ 42. Rb1 Qd4+ 43. Ka2 Qd2+ 44. Kb3 Qd5+ {Game drawn by
mutual agreement} 1/2-1/2

[Event "Team 45 45 League T28"]
[Site "Internet Chess Club"]
[Date "2005.09.17"]
[Round "1"]
[White "NFork"]
[Black "phoenix10q72"]
[Result "0-1"]
[WhiteElo "2231"]
[BlackElo "2353"]
[TimeControl "2700+45"]

1. e4 c5 2. c3 d5 3. exd5 Qxd5 4. d4 g6 5. Nf3 Bg7 6. Be2 cxd4 7. cxd4 Nh6 8.
Nc3 Qd8 9. Bf4 O-O 10. O-O Nf5 11. Be5 Nd7 12. Bxg7 Kxg7 13. Qd2 Nf6 14. Rfd1 b6
15. Rac1 Bb7 16. Ne5 Rc8 17. Qf4 e6 18. Bf3 Bxf3 19. Nxf3 Qc7 20. Qxc7 Rxc7 21.
Nb5 Rd7 22. Ne5 Rd5 23. a4 a6 24. Nc7 Rxd4 25. Rxd4 Nxd4 26. Rd1 Nf5 27. b3 a5
28. Nc4 Rc8 29. Nb5 Nd5 30. g4 Nfe7 31. Nbd6 Rc5 32. Nb7 Rc7 33. Nbd6 Rd7 34.
Kf1 Nc6 35. Nc8 Kf6 36. Rd3 g5 37. Ke1 Ne5 38. Nxe5 Kxe5 39. Rh3 f6 40. Rd3 Rc7
41. Rxd5+ exd5 42. Nxb6 Rb7 43. Nd7+ Rxd7 {White resigns} 0-1

[Event "Team 45 45 League T28"]
[Site "Internet Chess Club"]
[Date "2005.09.16"]
[Round "1"]
[White "jorobo"]
[Black "ChessyStud"]
[Result "1-0"]
[WhiteElo "2185"]
[BlackElo "2118"]
[TimeControl "2700+45"]

1. c4 g6 2. Nc3 Bg7 3. d4 c5 4. e3 cxd4 5. exd4 Nf6 6. Nf3 d5 7. Be2 O-O 8. O-O
dxc4 9. Bxc4 Bg4 10. d5 Nbd7 11. h3 Bxf3 12. Qxf3 Ne5 13. Qe2 Nxc4 14. Qxc4 Rc8
15. Qb3 Qd7 16. Be3 b6 17. Rad1 Rfd8 18. Rfe1 Qf5 19. Bd4 Rd7 20. Re5 Qf4 21.
Re3 Rcd8 22. Be5 Qg5 23. f4 Qh4 24. Red3 Nh5 25. Ne2 Bxe5 26. fxe5 Qg5 27. Qc3
f6 28. exf6 Nxf6 29. Qc4 Nxd5 30. Nd4 Qe5 31. Nc6 Qc7 32. Rxd5 {Black resigns}
1-0

[Event "Team 45 45 League T28"]
[Site "Internet Chess Club"]
[Date "2005.09.17"]
[Round "1"]
[White "ScoutKnight"]
[Black "Knight77"]
[Result "1-0"]
[WhiteElo "2091"]
[BlackElo "1847"]
[TimeControl "2700+45"]

1. e4 c5 2. Nf3 d6 3. c3 Nf6 4. Be2 Nc6 5. d4 cxd4 6. cxd4 e6 7. Nc3 Be7 8. d5
Ne5 9. O-O O-O 10. Bf4 Nxf3+ 11. Bxf3 e5 12. Be3 Bd7 13. Qb3 Qa5 14. Bg5 b5 15.
Bxf6 Bxf6 16. a3 Rfc8 17. Qd1 Rc7 18. Bg4 b4 19. axb4 Qxb4 20. Bxd7 Rxd7 21. Qd3
Rb8 22. Ra4 Qb3 23. Rfa1 Rc8 24. Qb5 Rb7 25. Qxb3 Rxb3 26. Rxa7 Rxb2 27. Ra8
Rbb8 28. Rxb8 Rxb8 29. f3 Bd8 30. Ra6 Bb6+ 31. Kf1 Kf8 32. Na4 Bd4 33. Rxd6 Ra8
34. Nb6 Ra1+ 35. Ke2 Ra2+ 36. Kd3 Rxg2 37. Nc8 g6 38. Rd8+ Kg7 39. d6 Bf2 40. d7
Bh4 41. Re8 Bg5 42. Kc3 Rd2 43. h4 Rxd7 44. hxg5 f6 45. Re7+ Rxe7 46. Nxe7 h5
47. gxh6+ Kxh6 48. Kd2 Kg5 49. Ke3 f5 50. Nd5 Kh4 51. Kf2 Kg5 52. Kg3 Kh5 53.
Ne7 Kg5 54. Nc6 Kf6 55. Kh4 g5+ 56. Kh5 g4 57. fxg4 fxg4 58. Kxg4 Ke6 59. Kg5
Kd6 60. Kf5 Kxc6 61. Kxe5 Kc7 62. Ke6 Kd8 63. Kf7 {Black resigns} 1-0

[Event "Team 45 45 League T28"]
[Site "Internet Chess Club"]
[Date "2005.09.18"]
[Round "1"]
[White "MSStateBulldog"]
[Black "quangliem"]
[Result "1/2-1/2"]
[WhiteElo "2412"]
[BlackElo "2329"]
[TimeControl "2700+45"]

1. e4 c5 2. Nf3 d6 3. Bb5+ Nd7 4. d4 Nf6 5. Nc3 a6 6. Bxd7+ Nxd7 7. O-O e6 8.
dxc5 Nxc5 9. Bf4 Qc7 10. Qd2 b5 11. b4 Nd7 12. Rfd1 Be7 13. Bxd6 Bxd6 14. Qxd6
Qxd6 15. Rxd6 Bb7 16. Rad1 Nf6 17. Nd2 Ke7 18. Nb3 Bxe4 19. Nxe4 Nxe4 20. Rd7+
Kf8 21. Rc7 Nf6 22. Nc5 Nd5 23. Rb7 g5 24. Rd3 Re8 25. Rf3 Re7 26. Nxe6+ Rxe6
27. Rfxf7+ Ke8 28. h3 Rf8 29. Rxh7 Re7 30. Rbxe7+ Nxe7 31. Rh6 Kd7 32. Rxa6 Nc6
33. Rb6 Rf5 34. a4 bxa4 35. Ra6 Nxb4 36. Rxa4 Nxc2 37. Ra2 Nb4 38. Rd2+ Ke6 39.
Kh2 Rd5 40. Rb2 Nd3 41. Re2+ Kf5 42. g3 Re5 43. Rd2 Ne1 44. Ra2 Rb5 45. Kg1 Rb1
46. Kf1 Nd3+ 47. Kg2 Ne1+ {Game drawn by mutual agreement} 1/2-1/2     
**ANNOUNCEMENT** from ROBOadmin: *** GRANDMASTER versus GRANDMASTER!!  GM
Sauerkraut is playing GM gavia!  Type "observe Sauerkraut" to watch the rated
blitz 3 0 game.

[Event "Team 45 45 League T28"]
[Site "Internet Chess Club"]
[Date "2005.09.25"]
[Round "1"]
[White "vutru"]
[Black "onslaught"]
[Result "1-0"]
[WhiteElo "2227"]
[BlackElo "2187"]
[TimeControl "2700+45"]

1. d4 Nf6 2. c4 g6 3. Nc3 Bg7 4. e4 O-O 5. Nf3 d6 6. Be2 e5 7. O-O Nc6 8. Be3
Re8 9. d5 Nd4 10. h3 c5 11. dxc6 bxc6 12. Nxd4 exd4 13. Bxd4 Nxe4 14. Bxg7 Kxg7
15. Nxe4 Rxe4 16. Qd3 Re6 17. Bg4 f5 18. Bf3 Bb7 19. Rfe1 Qf6 20. Qb3 Re7 21.
Rxe7+ Qxe7 22. Qc3+ Qf6 23. Qb4 Qf7 24. Re1 Rd8 25. Qa5 Rd7 26. b3 c5 27. Bxb7
Rxb7 28. Qa6 Rd7 29. Qc8 Re7 30. Rd1 Qf6 31. Qb8 Re2 32. Qxd6 Qxd6 33. Rxd6 Rxa2
34. Rc6 Rb2 35. Rxc5 Rb1+ 36. Kh2 Rxb3 37. Rc7+ Kf6 38. Rxa7 Rc3 39. Rc7 Ke5 40.
h4 Kd4 41. Rxh7 Rxc4 42. Rh6 Ke5 43. g3 Rc6 44. h5 Rc2 45. Rxg6 Rxf2+ 46. Kh3
Ra2 47. Kh4 Ra4+ 48. Kg5 f4 49. g4 f3 50. Rg8 Ke4 51. Re8+ Kd3 52. h6 Ra5+ 53.
Kh4 Ra1 54. g5 Rg1 55. Kh5 f2 56. Rf8 f1=Q 57. Rxf1 Rxf1 58. Kg6 Ke4 59. Kh7 Kf5
60. g6 Ra1 61. g7 {Black resigns} 1-0

[Event "Team 45 45 League T28"]
[Site "Internet Chess Club"]
[Date "2005.09.17"]
[Round "1"]
[White "achessman"]
[Black "fledermaus"]
[Result "1-0"]
[WhiteElo "2097"]
[BlackElo "2034"]
[TimeControl "2700+45"]

1. e4 Nf6 2. e5 Nd5 3. c4 Nb6 4. d4 d6 5. f4 dxe5 6. fxe5 c5 7. d5 e6 8. Nc3
exd5 9. cxd5 c4 10. Be3 Bb4 11. Bxb6 Qxb6 12. Bxc4 Qe3+ 13. Ne2 Bc5 14. Rf1 Qxe5
15. Qd3 O-O 16. O-O-O Nd7 17. Ne4 b6 18. g4 Bb7 19. Kb1 Rac8 20. Rf5 Qc7 21. Bb3
Ne5 22. Qh3 Ng6 23. Rh5 Ba6 24. Rxh7 Bxe2 25. Nf6+ gxf6 26. Qh6 {Black resigns}
1-0

[Event "Team 45 45 League T28"]
[Site "Internet Chess Club"]
[Date "2005.09.15"]
[Round "1"]
[White "chivo"]
[Black "nursey"]
[Result "0-1"]
[WhiteElo "1701"]
[BlackElo "1641"]
[TimeControl "2700+45"]

1. e4 e5 2. Nf3 Nc6 3. Bb5 a6 4. Ba4 Nf6 5. O-O Be7 6. Re1 b5 7. Bb3 O-O 8. c3
d6 9. h3 Na5 10. Bc2 c5 11. d4 cxd4 12. cxd4 exd4 13. Nxd4 d5 14. e5 Nd7 15. b3
Bb4 16. Bd2 Bc5 17. Nf3 Nc6 18. Bxh7+ Kxh7 19. Ng5+ Kg8 20. Qh5 Nf6 21. exf6 Bf5
22. fxg7 Kxg7 23. g4 Bd4 24. gxf5 Bxa1 25. Nc3 Bxc3 26. Bxc3+ d4 27. Qh7+ Kf6
28. Ne4+ Ke5 29. Qg7+ Kd5 30. Kh1 Rc8 31. f3 Qh4 32. Qg2 Rg8 33. Qh2 Ne5 34. Rd1
Kc6 35. Rxd4 Qh5 36. Rd6+ Kb7 37. Rb6+ Ka7 38. Nd2 Rxc3 39. Rc6 Nxc6 40. Qc7+
Ka8 41. Kh2 Qg5 {White resigns} 0-1

[Event "Team 45 45 League T28"]
[Site "Internet Chess Club"]
[Date "2005.09.15"]
[Round "1"]
[White "mickeys"]
[Black "DynamoKyiv"]
[Result "1-0"]
[WhiteElo "1674"]
[BlackElo "1585"]
[TimeControl "2700+45"]

1. d4 f5 2. Nf3 Nf6 3. g3 g6 4. Bg2 Bg7 5. O-O O-O 6. c4 d6 7. b3 Qe8 8. Bb2
Nbd7 9. Qc2 e5 10. dxe5 dxe5 11. e3 c6 12. Nc3 e4 13. Nd4 Ne5 14. Nce2 Bd7 15.
Rad1 a6 16. b4 Rd8 17. Nf4 Qf7 18. c5 Nd5 19. Nxd5 cxd5 20. a4 Nd3 21. Bc3 Qe8
22. Ra1 Rc8 23. Qb3 Qf7 24. Rfd1 Bc6 25. Rxd3 exd3 26. b5 axb5 27. axb5 Qe7 28.
bxc6 bxc6 29. Nxc6 Qd7 30. Bxd5+ Kh8 31. Bxg7+ Kxg7 32. Ne5 Qe7 33. Nxd3 Qe5 34.
Nxe5 {Black resigns} 1-0

[Event "Team 45 45 League T28"]
[Site "Internet Chess Club"]
[Date "2005.09.15"]
[Round "1"]
[White "SeniorCitizen"]
[Black "batttoman"]
[Result "1-0"]
[WhiteElo "1524"]
[BlackElo "1505"]
[TimeControl "2700+45"]

1. e4 d5 2. exd5 Qxd5 3. Nc3 Qa5 4. d4 Nf6 5. Bd3 e5 6. dxe5 Qxe5+ 7. Qe2 Nc6 8.
Bf4 Qxe2+ 9. Ngxe2 Bd6 10. Bxd6 cxd6 11. Nb5 O-O 12. Nxd6 Ne5 13. Nxc8 Nxd3+ 14.
cxd3 Raxc8 15. Rc1 Rxc1+ 16. Nxc1 Rc8 17. Kd2 Ng4 18. f3 Ne5 19. Re1 f6 20. h3
Rd8 21. b3 Kf7 22. f4 Nc6 23. g4 b5 24. a4 b4 25. Re4 a5 26. Rc4 Rd6 27. Ke3 g6
28. Ne2 f5 29. Nd4 Nxd4 30. Rxd4 Ke6 31. Rxd6+ Kxd6 32. gxf5 gxf5 33. Kd4 h6 34.
h4 h5 35. Kc4 Kc6 36. d4 Kd6 37. d5 Kc7 38. Kc5 Kd8 39. Kc6 Kc8 40. d6 Kd8 41.
d7 {Black resigns} 1-0

[Event "Team 45 45 League T28"]
[Site "Internet Chess Club"]
[Date "2005.09.17"]
[Round "1"]
[White "mike0897"]
[Black "AAWegerif"]
[Result "1-0"]
[WhiteElo "1686"]
[BlackElo "1487"]
[TimeControl "2700+45"]

1. e4 e5 2. Bc4 Nc6 3. d3 Nf6 4. Nc3 Na5 5. Bb3 c6 6. Nf3 d6 7. O-O Bg4 8. Be3
a6 9. h3 Bxf3 10. Qxf3 Nxb3 11. axb3 d5 12. exd5 cxd5 13. Bg5 Be7 14. Bxf6 Bxf6
15. Nxd5 Rb8 16. Rfe1 O-O 17. Nxf6+ Qxf6 18. Qxf6 gxf6 19. Re3 Rfd8 20. Ra4 h6
21. Rg3+ Kh7 22. Rag4 Rg8 23. Rxg8 Rxg8 24. Rxg8 Kxg8 25. Kf1 Kf8 26. Ke2 Ke7
27. Ke3 Ke6 28. d4 f5 29. c4 f6 30. d5+ Kd6 31. b4 b6 32. f4 h5 33. fxe5+ fxe5
34. g3 e4 35. Kf4 Ke7 36. b3 Kd6 37. h4 Ke7 38. c5 b5 39. Ke3 Kf6 40. c6 Ke7 41.
c7 Kd7 42. d6 Kc8 43. g4 hxg4 44. h5 g3 45. h6 g2 46. Kf2 g1=Q+ 47. Kxg1 f4 48.
Kf2 {Black resigns} 1-0

[Event "Team 45 45 League T28"]
[Site "Internet Chess Club"]
[Date "2005.09.18"]
[Round "1"]
[White "GhostMate"]
[Black "Chessnut"]
[Result "0-1"]
[WhiteElo "1654"]
[BlackElo "1642"]
[TimeControl "2700+45"]

1. e4 e5 2. Nf3 Nc6 3. Bc4 Bc5 4. b4 Bxb4 5. c3 Ba5 6. O-O Nf6 7. Qb3 O-O 8. Ng5
Qe7 9. Ba3 d6 10. d4 exd4 11. cxd4 Nxd4 12. Qa4 Bb6 13. Nc3 h6 14. Nxf7 Rxf7 15.
e5 Qxe5 16. Rfe1 Qh5 17. Re7 Be6 18. Bxe6 Nxe6 19. Rxe6 Qf5 20. Re2 Rff8 21.
Rae1 Ng4 22. Nd1 Nxf2 {White resigns} 0-1

[Event "Team 45 45 League T28"]
[Site "Internet Chess Club"]
[Date "2005.09.17"]
[Round "1"]
[White "MrShaw"]
[Black "PhD"]
[Result "1-0"]
[WhiteElo "1703"]
[BlackElo "1654"]
[TimeControl "2700+45"]

1. e4 e6 2. d4 d5 3. e5 c5 4. c3 Nc6 5. Nf3 Bd7 6. Bd3 cxd4 7. cxd4 Qb6 8. O-O
Nxd4 9. Nxd4 Qxd4 10. Nc3 Qxe5 11. Re1 Qd6 12. Nb5 Bxb5 13. Bxb5+ Kd8 14. Bd2 a6
15. Qa4 Be7 16. Rac1 Rc8 17. Ba5+ b6 18. Rxc8+ Kxc8 19. Bxa6+ Kb8 20. Rc1 Nf6
21. Rc6 Qd7 {Black resigns} 1-0